 Dungeon Sprint DCSS version 0.19-b1-3-g7dea586 (webtiles) character file.

4400000 tyranidshit the Intangible (level 21, -30/142 HPs)
             Began as a Spriggan Warper on Oct 29, 2016.
             Was the Champion of Makhleb.
             Killed from afar by a large bag of meat (38 damage)
             ... with an exploding inner flame
             ... in the Dungeon (Sprint VIII: "Arena of Blood").
             The game lasted 00:02:53 (44 turns).

tyranidshit the Intangible (Spriggan Warper)          Turns: 44, Time: 00:02:53

Health: -30/142    AC:  3    Str: 14    XL:     21   Next: 88%
Magic:  12/53      EV: 39    Int: 16    God:    Makhleb [******]
Gold:   0          SH:  0    Dex: 17    Spells: 0 memorised, 74 levels left

rFire  . . .     SeeInvis +     k - +∞ Axe of Woe
rCold  . . .     Gourm    .     a - +0 robe
rNeg   . . .     Faith    .     (shield currently unavailable)
rPois  .         Spirit   .     (helmet restricted)
rElec  .         Reflect  .     (no cloak)
rCorr  .         Harm     .     (gloves unavailable)
MR     +++..     NoTele   +     (boots unavailable)
Stlth  +++++++++.               (no amulet)
                                n - +200 ring of slaying
                                m - +30 ring of slaying

@: very slightly contaminated, very quick
A: unfitting armour, see invisible, herbivore 3, speed 3, slow metabolism 2
a: Minor Destruction, Lesser Servant of Makhleb, Major Destruction, Greater
Servant of Makhleb, Renounce Religion


You were in the Dungeon.
You worshipped Makhleb.
Makhleb was exalted by your worship.
You were not hungry.

You visited 1 branch

Inventory:

Hand Weapons
 k - the +∞ Axe of Woe (weapon)
   (You found it in the Dungeon)
Missiles
 d - 5 tomahawks of dispersal (quivered)
Armour
 a - a +0 robe (worn)
Jewellery
 c - an uncursed ring of see invisible
 l - a +30 ring of slaying
 m - a +30 ring of slaying (left hand)
 n - a +200 ring of slaying (right hand)
Potions
 e - a potion of curing
 g - a potion of heal wounds
 h - a potion of haste
 i - 2 potions of magic
 j - a potion of berserk rage
Books
 b - a book of Spatial Translocations

   Spells                             Type                      Level
   a - Blink                          Translocation                2
   b - Shroud of Golubria             Charms/Translocation         2
   c - Lesser Beckoning               Translocation                3
   d - Portal Projectile              Translocation                3
   e - Teleport Other                 Translocation                3
   f - Passage of Golubria            Translocation                4
Comestibles
 f - a bread ration


   Skills:
 O Level 27 Fighting
 O Level 27 Axes
 O Level 27 Throwing
 + Level 13.4 Armour
 O Level 27 Dodging
 O Level 27 Stealth
 O Level 27 Unarmed Combat
 O Level 27 Spellcasting
   Level 4.4 Translocations
 O Level 27 Invocations


You had 74 spell levels left.
You didn't know any spells.

Dungeon Overview and Level Annotations

Branches:
Dungeon (1/1)

Altars:
Makhleb

Annotations:
D The Servant


Innate Abilities, Weirdness & Mutations

You are very small and have problems with some larger weapons.
You are too small for most types of armour.
You have supernaturally acute eyesight. (SInv)
You are a herbivore.
You cover ground extremely quickly.
You need consume almost no food.


Message History

The Servant completely misses you.
The destroyer blinks!
You hear a shout! x3
Put on which piece of jewellery? (? for menu, Esc to quit)
You remove your +30 ring of slaying.
You hear a shout!
The Servant hits you from afar with a +9 glaive of flaming!!!!
Ouch! That really hurt!
* * * LOW HITPOINT WARNING * * *
The Servant burns you.
* * * LOW HITPOINT WARNING * * *
n - a +200 ring of slaying (right hand)
You hear a shout! x6
Unknown command.
Unknown command.
The bag of meat shouts!
You carve the large bag of meat like a ham!!!!
You dissect the large bag of meat like a pig carcass.
The large bag of meat explodes!
The fiery explosion engulfs you!
You die...

............##..
.....#....))..#....
.........).o..#... .
...##.#.)))%..... #.
....%..C.%..§...
.O.####Co..#V%...####
......§.@..§§§.....#.
#...§§§V)§§%....%..
#§@§.))§§.%.....
################


You could see The Servant, 2 destroyers, 2 large bags of meat, a meat berserker
(berserk) and 2 bags of meat.

Vanquished Creatures
  A vampire knight (D)
  6 ogres (D)
  21 orcs (D)
  2 hill giants (D)
30 creatures vanquished.

Notes
Turn   | Place    | Note
-------+----------+-------------------------------------------
     0 | D        | tyranidshit the Spriggan Warper began the quest for the Orb.
     0 | D        | Reached XP level 1. HP: 10/10 MP: 5/5
     3 | D        | Noticed a bag of meat
     4 | D        | Became a worshipper of Makhleb the Destroyer
     8 | D        | Noticed a bag of meat
     8 | D        | Noticed a meat berserker
     8 | D        | Noticed a bag of meat
     9 | D        | Noticed a bag of meat
     9 | D        | Noticed a bag of meat
    10 | D        | Noticed a bag of meat
    10 | D        | Noticed a bag of meat
    10 | D        | Noticed a bag of meat
    10 | D        | Noticed a bag of meat
    10 | D        | Noticed a bag of meat
    10 | D        | Noticed a bag of meat
    10 | D        | Noticed a bag of meat
    10 | D        | Noticed a bag of meat
    10 | D        | Noticed a bag of meat
    10 | D        | Noticed a bag of meat
    10 | D        | Noticed a large bag of meat
    10 | D        | Noticed a bag of meat
    11 | D        | Noticed a bag of meat
    11 | D        | Noticed a bag of meat
    11 | D        | Noticed a meat berserker
    11 | D        | Killed a bag of meat
    11 | D        | Reached skill level 10 in Fighting
    11 | D        | Reached skill level 5 in Throwing
    11 | D        | Reached XP level 2. HP: 25/25 MP: 5/21
    11 | D        | Reached XP level 3. HP: 29/29 MP: 5/22
    11 | D        | Reached XP level 4. HP: 34/34 MP: 5/24
    11 | D        | Reached XP level 5. HP: 37/37 MP: 5/25
    11 | D        | Reached XP level 6. HP: 42/42 MP: 5/27
    11 | D        | Reached XP level 7. HP: 46/46 MP: 5/28
    11 | D        | Reached XP level 8. HP: 51/51 MP: 5/30
    11 | D        | Reached XP level 9. HP: 55/55 MP: 5/31
    11 | D        | Reached XP level 10. HP: 60/60 MP: 5/32
    11 | D        | Reached XP level 11. HP: 64/64 MP: 5/33
    12 | D        | Killed a bag of meat
    12 | D        | Reached * piety under Makhleb
    12 | D        | Reached skill level 5 in Axes
    12 | D        | Reached XP level 12. HP: 20/71 MP: 5/36
    12 | D        | Killed a bag of meat
    12 | D        | Reached XP level 13. HP: 22/77 MP: 5/39
    12 | D        | Killed a meat berserker
    12 | D        | Reached skill level 15 in Fighting
    12 | D        | Reached skill level 10 in Axes
    12 | D        | Reached skill level 27 in Dodging
    12 | D        | Reached skill level 15 in Unarmed Combat
    12 | D        | Reached XP level 14. HP: 86/86 MP: 5/43
    12 | D        | Killed a bag of meat
    12 | D        | Reached ** piety under Makhleb
    12 | D        | Reached XP level 15. HP: 91/91 MP: 5/45
    12 | D        | Reached skill level 27 in Spellcasting
    12 | D        | Killed a large bag of meat
    12 | D        | Reached *** piety under Makhleb
    12 | D        | Reached XP level 16. HP: 102/102 MP: 5/48
    13 | D        | Noticed a meat berserker
    13 | D        | Reached skill level 10 in Throwing
    13 | D        | Killed a meat berserker
    13 | D        | Reached XP level 17. HP: 112/112 MP: 5/49
    13 | D        | Killed a meat berserker
    13 | D        | Reached **** piety under Makhleb
    14 | D        | Noticed a meat berserker
    14 | D        | Reached XP level 18. HP: 123/123 MP: 6/50
    18 | D        | Reached ***** piety under Makhleb
    18 | D        | Reached skill level 27 in Fighting
    20 | D        | Reached XP level 19. HP: 103/132 MP: 7/51
    20 | D        | Reached skill level 27 in Axes
    23 | D        | Reached skill level 27 in Unarmed Combat
    24 | D        | Noticed a large bag of meat
    25 | D        | Killed a meat berserker
    25 | D        | Reached skill level 15 in Throwing
    25 | D        | Reached XP level 20. HP: 137/137 MP: 8/52
    30 | D        | Noticed a meat berserker
    31 | D        | Noticed a meat berserker
    32 | D        | Reached ****** piety under Makhleb
    32 | D        | Reached skill level 27 in Invocations
    33 | D        | Noticed a destroyer
    34 | D        | Noticed The Servant
    35 | D        | Killed a meat berserker
    35 | D        | Reached skill level 27 in Throwing
    35 | D        | Reached XP level 21. HP: 142/142 MP: 10/53
    36 | D        | Noticed a destroyer
    37 | D        | Noticed a destroyer
    39 | D        | Killed a destroyer
    39 | D        | Reached skill level 27 in Stealth
    42 | D        | HP: 7/142 [The Servant/+9 glaive of flaming (4)]
    44 | D        | Killed from afar by a large bag of meat

Skill      XL: |  1  2  3  4  5  6  7  8  9 10 11 12 13 14 15 16 17 18 19 20 21 |
---------------+----------------------------------------------------------------+-----
Fighting       | 10 12 13 15 16 19 22 25 27 | 27.0
Axes           | 4 5 7 10 11 14 18 21 26 27 | 27.0
Throwing       | 5 6 8 9 10 12 13 15 27 | 27.0
Dodging        | 21 24 26 27 | 27.0
Unarmed Combat | 11 12 13 15 16 18 20 22 25 27 | 27.0
Spellcasting   | 17 19 21 24 25 27 | 27.0
Invocations    | 6 22 27 | 27.0
Armour         | 13 | 13.4
Stealth        | 27 | 27.0
Translocations | |  4.4

Action                   |  1- 3 |  4- 6 |  7- 9 | 10-12 | 13-15 | 16-18 | 19-21 || total
-------------------------+-------+-------+-------+-------+-------+-------+-------++-------
Melee: Broad axe         |     1 |       |       |     1 |       |     4 |    11 ||    17
Invok: Greater Servant o |       |       |       |       |       |     1 |       ||     1
  Use: Scroll            |     1 |       |       |       |       |     1 |       ||     2
Dodge: Dodged            |       |       |       |       |       |     1 |     1 ||     2
